 Dungeon Crawl Stone Soup version 0.31.0-1-g2c135a0 (webtiles) character file.

Game seed: 8433849883214797533

3 nerdeater69 the Caller (level 1, -1/13 HPs)
             Began as a Demonspawn Summoner on Apr 23, 2024.
             Killed from afar by a dart slug (5 damage)
             ... with a slug dart
             ... on level 1 of the Dungeon.
             The game lasted 00:01:33 (48 turns).

nerdeater69 the Caller (Demonspawn Summoner)          Turns: 48, Time: 00:01:34

Health: -1/13      AC:  2    Str:  8    XL:     1   Next: 41%
Magic:  0/3        EV: 12    Int: 15    God:
Gold:   0          SH:  0    Dex: 13    Spells: 3/4 levels left

rFire   . . .        (no weapon)
rCold   . . .        (no shield)
rNeg    . . .        a - +0 robe
rPois   .            (no helmet)
rElec   .            (no cloak)
rCorr   .            (no gloves)
SInv    .            (no boots)
Will    .....        (no amulet)
Stlth   ++           (no ring)
HPRegen 0.22/turn    (no ring)
MPRegen 0.08/turn

%: no passive effects
@: no status effects
A: no striking features
a: no special abilities


You were on level 1 of the Dungeon.
You visited 1 branch of the dungeon, and saw 1 of its levels.

Inventory:

Armour
 a - a +0 robe (worn)
Scrolls
 c - a scroll of identify {unknown}
Potions
 b - a potion of magic


   Skills:
 - Level 1.7 Dodging
 - Level 1.7 Stealth
 + Level 0.3 Unarmed Combat
 * Level 2.0 Spellcasting
 + Level 4.1 Summonings


You had 3 spell levels left.
You knew the following spells:

 Your Spells              Type           Power      Damage    Failure   Level
a - Summon Small Mammal   Summ           52%        N/A       4%          1

Your spell library contained the following spells:

 Spells                   Type           Power      Damage    Failure   Level
 Call Imp                 Summ           26%        N/A       6%          2
 Call Canine Familiar     Summ           13%        N/A       12%         3
 Summon Blazeheart Golem  Fire/Summ      7%         N/A       67%         4
 Summon Lightning Spire   Summ/Air       7%         N/A       67%         4


Dungeon Overview and Level Annotations

Branches:
Dungeon (1/15)

Altars:


Message History

Your quokka closely misses the giant cockroach.
The dart slug bites your quokka.
Your quokka dies!
Your quokka's corpse disappears in a puff of smoke!
Your bat hits the dart slug but does no damage.
You hit the giant cockroach but do no damage.
The giant cockroach is moderately wounded.
Your bat hits the dart slug but does no damage.
Your bat hits the dart slug. The giant cockroach closely misses you.
The giant cockroach misses you.
Your bat hits the dart slug. You hit the giant cockroach.
The giant cockroach is heavily wounded.
Your bat hits the giant cockroach.
The giant cockroach bites your bat but does no damage.
You closely miss the giant cockroach.
The giant cockroach is severely wounded.
The giant cockroach closely misses you.
Casting: Summon Small Mammal (safe; 4% risk of failure)
Confirm with . or Enter, or press ? or * to list all spells.
Your bat hits the giant cockroach but does no damage.
The giant cockroach misses you.
Your bat barely misses the giant cockroach.
The giant cockroach attacks as it pursues you!
The giant cockroach bites you.
Your rat bites the giant cockroach but does no damage.
Your bat hits the dart slug but does no damage.
You closely miss the giant cockroach.
The giant cockroach is severely wounded.
Your bat hits the giant cockroach.
The giant cockroach dies!
Your rat barely misses the dart slug.
Your bat hits the dart slug but does no damage. x2
Your rat bites the dart slug.
You see here a giant cockroach corpse.
You hit the dart slug but do no damage.
The dart slug is severely wounded.
Your bat hits the dart slug but does no damage. x2
The dart slug launches a dart at you. The slug dart hits you.
You die...

######.<##..######
#................##
..................#
...##...##...##...#
.. ##..##..####..#
. #..##..# ##..#
...##...##...# ##
....##......rb# .#
....####.....@w###
..# ########..#
...# # ##.###...##
..#.##.........
.(..w...††......
.##..##......... #.
#####...## .. ...#
#. ..#


You could see a dart slug (ally target), a friendly bat (summoned) and a
friendly rat (summoned).

Vanquished Creatures (collateral kills)
  A giant cockroach (D:1)
  2 ball pythons (D:1)
  A frilled lizard (D:1)
4 creatures vanquished.

Notes
Turn   | Place    | Note
-------+----------+-------------------------------------------
     0 | D:1      | nerdeater69 the Demonspawn Summoner began the quest for the
                  | Orb.
     0 | D:1      | Reached XP level 1. HP: 13/13 MP: 3/3
    48 | D:1      | Killed from afar by a dart slug

Illustrated notes

Levels and vault maps discovered:
D:1:      minmay_arrival_four_loops, layout_loops_cross

Action                     || total
---------------------------++-------
  Melee: Unarmed           ||    10
   Cast: Summon Small Mamm ||     5
 Armour: Robe              ||    11
  Dodge: Dodged            ||    18
